 Dungeon Crawl Stone Soup version 0.19.1-1-g22dce08 (webtiles) character file.

110 Alarkh the Chopper (level 4, 0/35 HPs)
             Began as a Demonspawn Monk on Jan 5, 2017.
             Shot with an arrow by a centaur (13 damage)
             ... on level 3 of the Dungeon.
             The game lasted 00:03:21 (1785 turns).

Alarkh the Chopper (Demonspawn Monk)                Turns: 1785, Time: 00:03:21

Health: 0/35       AC:  2    Str: 12    XL:     4   Next: 61%
Magic:  4/4        EV: 13    Int: 12    God:
Gold:   121        SH:  0    Dex: 15    Spells: 0 memorised, 3 levels left

rFire  . . .     SeeInvis .     a - +0 hand axe
rCold  . . .     Gourm    .     b - +0 robe
rNeg   . . .     Faith    .     (no shield)
rPois  .         Spirit   .     (helmet restricted)
rElec  .         Reflect  .     (no cloak)
rCorr  .         Harm     .     (no gloves)
MR     +....                    (no boots)
Stlth  ++........               (no amulet)
                                (no ring)
                                n - ring of protection from magic

@: no status effects
A: horns 2, spiny 1
a: no special abilities


You were on level 3 of the Dungeon.
You were not hungry.

You visited 1 branch of the dungeon, and saw 3 of its levels.

You collected 121 gold pieces.

Inventory:

Hand Weapons
 a - a +0 hand axe (weapon)
Armour
 b - a +0 robe (worn)
 e - a +2 hat
Jewellery
 n - a ring of protection from magic (left hand)
Scrolls
 d - 3 scrolls of fear
 g - a scroll of noise {unknown}
 i - 2 scrolls of enchant weapon {unknown}
 l - 2 scrolls of identify {unknown}
 m - a scroll of amnesia {unknown}
 p - a scroll of teleportation {unknown}
 q - 2 scrolls of remove curse {unknown}
Potions
 h - a potion of brilliance
 j - a potion of curing
 k - 3 potions of flight
 r - a potion of heal wounds
Comestibles
 c - 3 bread rations
 f - 3 meat rations
 o - 7 chunks of flesh


   Skills:
 - Level 3.0 Fighting
 + Level 4.9 Axes
 - Level 2.6 Dodging
 - Level 1.7 Stealth


You had 3 spell levels left.
You didn't know any spells.

Dungeon Overview and Level Annotations

Branches:
Dungeon (3/15)

Altars:
Ru


Innate Abilities, Weirdness & Mutations

You have a pair of horns on your head.
You are partially covered in sharp spines.


Message History

A centaur is nearby!
A centaur is nearby!
A rat comes into view.
The centaur shouts!
The centaur wields a shortbow.
The centaur shoots an arrow.
The arrow barely misses you.
Found 4 gold pieces.
There is an open door here.
You see here an arrow.
There's something blocking the doorway.
The centaur shoots an arrow.
The arrow hits you!
There is a stone staircase leading down here.
You see here an arrow.
The centaur shoots an arrow.
The arrow hits you.
You see here an arrow.
Okay, then.
The centaur shoots an arrow.
The arrow completely misses you.
There is a stone staircase leading up here.
The centaur shoots an arrow.
The arrow hits you!
You die...

############ ....%...$..#
.r..rc.....#######
.................#
#c########.####
#.>(..........#
#...#@.(##.##.#
#.####...######.##.# ######
................##.###.....
.##.......................
#.................#.....
#...###########...#.....
#...# ##..#..... ....#
#..###### .###. #..# #


You could see a centaur.

Vanquished Creatures
  3 adders
  3 oozes
  2 dart slugs
  2 leopard geckos
  An orc (D:3)
  4 giant cockroaches
  7 goblins
  9 hobgoblins
  3 jackals (D:1)
  4 quokkas
  4 bats
  3 frilled lizards
  9 kobolds
  6 rats
60 creatures vanquished.

Notes
Turn   | Place    | Note
-------+----------+-------------------------------------------
     0 | D:1      | Alarkh the Demonspawn Monk began the quest for the Orb.
     0 | D:1      | Reached XP level 1. HP: 18/18 MP: 1/1
    71 | D:1      | Reached skill level 3 in Axes
    91 | D:1      | Gained mutation: You have a pair of small horns on your head. [demonic ancestry]
    91 | D:1      | Reached XP level 2. HP: 18/24 MP: 2/2
   648 | D:1      | Gained mutation: You have a pair of horns on your head. [demonic ancestry]
   648 | D:1      | Reached XP level 3. HP: 28/29 MP: 3/3
   877 | D:2      | Reached skill level 4 in Axes
  1180 | D:2      | Gained mutation: You are partially covered in sharp spines. [demonic ancestry]
  1180 | D:2      | Reached XP level 4. HP: 23/35 MP: 4/4
  1611 | D:3      | Found a sacrificial altar of Ru.
  1778 | D:3      | Noticed a centaur
  1785 | D:3      | Shot with an arrow by a centaur

Skill      XL: |  1  2  3 |
---------------+----------+-----
Axes           | 3 4 |  4.9
Fighting       | |  3.0
Dodging        | |  2.6
Stealth        | |  1.7

Action                   |  1- 3 |  4- 6 || total
-------------------------+-------+-------++-------
Melee: Hand axe          |   110 |    22 ||   132
       Headbutt          |    13 |     4 ||    17
  Use: Potion            |     6 |       ||     6
       Scroll            |     1 |       ||     1
 Stab: Sleeping          |     2 |     4 ||     6
       Distracted        |     2 |       ||     2
  Eat: Chunk             |     1 |     2 ||     3
Armor: Robe              |    15 |       ||    15
Dodge: Dodged            |    94 |    17 ||   111
